 Dungeon Crawl Stone Soup version 0.28-a0-1616-g050a50673c (webtiles) character file.

Game seed: 6813190532263176768

38 croobank the Nimble (level 3, 0/25 HPs)
             Began as a Gnoll Wanderer on Jan 22, 2022.
             Slain by an endoplasm (3 damage)
             ... on level 2 of the Dungeon.
             The game lasted 00:08:50 (1809 turns).

croobank the Nimble (Gnoll Wanderer)                Turns: 1809, Time: 00:08:51

Health: 0/25       AC:  5    Str: 10    XL:     3   Next: 43%
Magic:  7/7        EV: 16    Int: 10    God:
Gold:   42         SH:  4    Dex: 15    Spells: 7/7 levels left

rFire   . . .      SeeInvis .   e - +0 short sword
rCold   . . .      Faith    .   g - +0 buckler
rNeg    . . .      Spirit   .   c - +2 leather armour
rPois   .          Reflect  .   (no helmet)
rElec   .          Harm     .   (no cloak)
rCorr   .          Rampage  .   (no gloves)
Will    .....                   (no boots)
Stlth   ++........              (no amulet)
HPRegen 0.08/turn               (no ring)
MPRegen 0.10/turn               (no ring)

@: no status effects
A: fangs 1, strong nose, distributed training
a: no special abilities


You were on level 2 of the Dungeon.
You visited 1 branch of the dungeon, and saw 2 of its levels.

You collected 42 gold pieces.

Inventory:

Hand Weapons
 a - a +0 dagger
 e - a +0 short sword (weapon)
Missiles
 d - 23 stones (quivered)
 f - 36 sling bullets
 i - 16 arrows
Armour
 c - a +2 leather armour (worn)
 g - a +0 buckler (worn)
Potions
 b - 2 potions of lignification
 h - a potion of attraction {unknown}


   Skills:
 + Level 0.8 Fighting
 + Level 0.8 Short Blades
 + Level 0.8 Long Blades
 + Level 0.8 Axes
 + Level 0.8 Maces & Flails
 + Level 0.8 Polearms
 + Level 0.8 Staves
 + Level 0.8 Slings
 + Level 0.8 Bows
 + Level 0.8 Crossbows
 + Level 0.8 Throwing
 + Level 2.6 Armour
 + Level 10.4 Dodging
 + Level 2.4 Stealth
 + Level 0.8 Shields
 + Level 2.6 Unarmed Combat
 + Level 2.8 Spellcasting
 + Level 0.5 Conjurations
 + Level 0.5 Hexes
 + Level 0.5 Summonings
 + Level 0.5 Necromancy
 + Level 0.5 Translocations
 + Level 0.5 Transmutations
 + Level 0.5 Fire Magic
 + Level 0.5 Ice Magic
 + Level 0.5 Air Magic
 + Level 0.5 Earth Magic
 + Level 0.5 Poison Magic
 + Level 1.0 Invocations
 + Level 2.6 Evocations


You had 7 spell levels left.
You didn't know any spells.
Your spell library was empty.

Dungeon Overview and Level Annotations

Branches:
Dungeon (2/15)

Altars:


Innate Abilities, Weirdness & Mutations

You have very sharp teeth.
Your uncanny sense of smell can sniff out nearby items.
Your experience applies equally to all skills.


Message History

The adder is severely wounded.
The adder barely misses you. The endoplasm closely misses you.
The adder misses you.
You closely miss the adder. You bite the adder.
The adder is severely wounded.
The adder barely misses you. The endoplasm freezes you.
You are frozen.
You closely miss the adder. Your bite misses the adder.
The adder is severely wounded.
The adder barely misses you. The endoplasm misses you.
You block the adder's attack.
You miss the adder.
The adder is severely wounded.
The adder bites you but does no damage. The adder bites you.
* * * LOW HITPOINT WARNING * * *
You hit the adder.
You kill the adder!
Your Invocations skill increases to level 1!
You completely miss the endoplasm. The endoplasm freezes you.
You are frozen.
* * * LOW HITPOINT WARNING * * *
Okay, then.
You aren't carrying any scrolls.
Press: ? - help, v - describe, . - travel The floor.
You hit the endoplasm.
The endoplasm is heavily wounded.
The endoplasm freezes you.
You are frozen.
* * * LOW HITPOINT WARNING * * *
You barely miss the endoplasm.
The endoplasm is heavily wounded.
The endoplasm barely misses you.
You hit the endoplasm but do no damage. You bite the endoplasm.
The endoplasm is severely wounded.
The endoplasm hits you.
You die...

........... ..........
..≈≈# ...........# ...≈≈#
..........# ....≈≈#
......... ...).≈≈##....#.#
≈≈....≈≈#......#
..≈....≈#@.....#
..≈....≈#J.....#
..≈.....'......###+#
..≈.....'.##........
..≈......≈....≈#......##...
..≈......≈....≈#...........
...≈≈≈≈≈≈....≈≈#...........
............≈≈##...........
≈..........≈≈##............


You could see an endoplasm.

Vanquished Creatures
  An adder (D:2)
  A bat (D:2)
  5 endoplasms (D:1)
  A hobgoblin (D:2)
  2 jackals (D:2)
  A quokka (D:1)
  A ball python (D:1)
  2 frilled lizards
  5 goblins
  4 kobolds (D:1)
  3 rats
26 creatures vanquished.

Notes
Turn   | Place    | Note
-------+----------+-------------------------------------------
     0 | D:1      | Reached skill level 10 in Dodging
     0 | D:1      | croobank the Gnoll Wanderer began the quest for the Orb.
     0 | D:1      | croobank set off with the following items: a +0 dagger, 2
                  | potions of lignification, a +2 leather armour
     0 | D:1      | Reached XP level 1. HP: 13/13 MP: 4/4
   500 | D:1      | Reached XP level 2. HP: 13/19 MP: 5/5
  1558 | D:2      | Reached XP level 3. HP: 12/25 MP: 7/7
  1806 | D:2      | Reached skill level 1 in Invocations
  1809 | D:2      | Slain by an endoplasm

Illustrated notes

Levels and vault maps discovered:
D:1:      minmay_arrival_four_houses, layout_loops_corners, lemuel_flame_loot_1
D:2:      layout_basic, kennysheep_big_empty_room, uniq_jessica, uniq_robin

Skill      XL: |  1  2  3 |
---------------+----------+-----
Dodging        | | 10.4
Invocations    | 1 |  1.0
Fighting       | |  0.8
Short Blades   | |  0.8
Long Blades    | |  0.8
Axes           | |  0.8
Maces & Flails | |  0.8
Polearms       | |  0.8
Staves         | |  0.8
Slings         | |  0.8
Bows           | |  0.8
Crossbows      | |  0.8
Throwing       | |  0.8
Armour         | |  2.6
Stealth        | |  2.4
Shields        | |  0.8
Unarmed Combat | |  2.6
Spellcasting   | |  2.8
Conjurations   | |  0.5
Hexes          | |  0.5
Summonings     | |  0.5
Necromancy     | |  0.5
Translocations | |  0.5
Transmutations | |  0.5
Fire Magic     | |  0.5
Ice Magic      | |  0.5
Air Magic      | |  0.5
Earth Magic    | |  0.5
Poison Magic   | |  0.5
Evocations     | |  2.6

Action                   || total
-------------------------++-------
Melee: Unarmed           ||    21
       Short sword       ||    96
       Dagger            ||     5
       Bite              ||    10
       Punch             ||     1
  Use: Potion            ||     1
 Stab: Sleeping          ||     4
Armor: Leather armour    ||    30
Dodge: Dodged            ||    88
Block: Buckler           ||    12

Table legend: (Time is in decaauts)
 A = Elapsed time spent in this place.
 B = Non-inter-level travel time spent in this place.
 C = Inter-level travel time spent in this place.
 D = Time resting spent in this place.
 E = Time spent auto-exploring this place.
 F = Levels seen in this place.
 G = Mean time per level.
                   A        B        C        D        E       F      G
               +--------+--------+--------+--------+--------+-----+--------+
         Total |   1817 |   1817 |      0 |    448 |    983 |   2 |  908.5 |
       Dungeon |   1817 |   1817 |      0 |    448 |    983 |   2 |  908.5 |
               +--------+--------+--------+--------+--------+-----+--------+

Top non-repeatable levels by time:
     D:1: 1455 daAuts
     D:2: 361 daAuts
